 Dungeon Crawl Stone Soup version bcrawl-1.15.1 (webtiles) character file.

Game seed: 2615378769826824832

5260 MisterOstroum the Destroyer (level 10, 0/68 HPs)
             Began as a Fairy Conjurer on Sept 27, 2019.
             Was a High Priest of Cheibriados.
             Slain by an orc warrior
             ... wielding a +0 short sword
              (13 damage)
             ... on level 8 of the Dungeon.
             The game lasted 00:13:05 (7678 turns).

MisterOstroum the Destroyer (Fairy Conjurer)        Turns: 7678, Time: 00:13:05

Health: 0/68       AC: 13    Str: 17    XL:     10   Next: 62%
Magic:  2/20       EV: 25    Int: 33    God:    Cheibriados [*****.]
Gold:   580        SH:  6    Dex: 24    Spells: 9/19 levels left

rFire    + . .     SeeInvis .   j - +0 dagger (drain)
rCold    . . .     Gourm    .   (shield restricted)
rNeg     . . .     Faith    +   (armour unavailable)
rPois    .         Spirit   .   i - +0 helmet
rElec    .         Reflect  .   t - +0 cloak
rCorr    .         Harm     .   J - +3 pair of gloves "Hoit Oze" {rF+}
MR       +....                  y - +0 pair of boots
Stlth    +++.......             w - amulet of faith
HPRegen  0.21/turn              z - +3 ring of evasion
MPRegen  0.17/turn              C - ring of stealth

@: flying evasively, very slow
A: small, magic attunement, unstealthy, unfitting armour, able to fly, AC/SH +6
a: Stop Flying, Bend Time, Temporal Distortion, Slouch, Step From Time, Renounce
Religion


You were on level 8 of the Dungeon.
You worshipped Cheibriados.
Cheibriados was extremely pleased with you.
You were not hungry.

You visited 2 branches of the dungeon, and saw 10 of its levels.

You collected 828 gold pieces.
You spent 248 gold pieces at shops.

Inventory:

Hand Weapons
 j - a +0 dagger of draining (weapon)
Missiles
 h - 2483 stones (quivered)
 q - 378 sling bullets
Armour
 i - a +0 helmet (worn)
 t - a +0 cloak (worn)
 y - a +0 pair of boots (worn)
 J - the +3 pair of gloves "Hoit Oze" (worn) {rF+}
   (You found it on level 7 of the Dungeon)

   It protects you from fire.
Jewellery
 w - an amulet of faith (around neck)
 z - a +3 ring of evasion (left hand)
 C - a ring of stealth (right hand)
 D - the amulet of Dusos {Faith rN+}
   (You found it on level 6 of the Dungeon)

   [amulet of faith]

   It allows you to gain divine favour quickly.
   It protects you from negative energy.
 G - a +2 ring of strength
Wands
 E - a wand of random effects (10)
 F - a wand of acid (6)
Scrolls
 a - 3 scrolls of remove curse {@r2}
 d - 3 scrolls of immolation
 k - 2 scrolls of enchant armour {unknown}
 l - a scroll of magic mapping {unknown}
 n - a scroll of enchant weapon {unknown}
 o - a scroll of fear {!r}
 s - 5 scrolls of blinking {unknown}
 v - 2 scrolls of teleportation {unknown}
 K - a scroll of identify {@r1}
 L - a scroll of vulnerability {unknown}
Potions
 b - 2 potions of magic
 c - 4 potions of heal wounds {unknown}
 f - 2 potions of curing {unknown}
 g - 2 potions of berserk rage {unknown}
 m - 2 potions of ambrosia {unknown}
 p - a potion of invisibility {unknown}
 r - 3 potions of agility {unknown}
 u - 2 potions of brilliance {unknown}
 x - 7 potions of lignification
 A - a potion of resistance {unknown}
 B - 2 potions of might {unknown}
 H - a potion of flight {unknown}
 I - a potion of haste {@q4 !q}
Comestibles
 e - 17 rations {!d}


   Skills:
 + Level 5.7 Fighting
 * Level 5.9 Dodging
 - Level 1.5 Stealth
 + Level 5.3 Spellcasting
 + Level 10.5 Conjurations
 - Level 5.0 Hexes
 + Level 8.4 Invocations


You had 9 spell levels left.
You knew the following spells:

 Your Spells              Type           Power        Failure   Level  Hunger
a - Magic Dart            Conj           ####         1%          1    None
b - Searing Ray           Conj           ######       1%          2    None
c - Iskenderun's Mystic   Conj           ######..     1%          3    None
d - Fulminant Prism       Conj/Hex       ######....   1%          4    None

Your spell library contained the following spells:

 Spells                   Type           Power        Failure   Level  Hunger
 Slow                     Hex            #####...     1%          1    None
 Confuse                  Hex            #####...     1%          3    None
 Dazzling Spray           Conj/Hex       ######       1%          3    None
 Apportation              Tloc           #.....       4%          1    None
 Infusion                 Chrm           #.......     4%          1    None
 Sandblast                Erth           #.....       4%          1    None
 Summon Butterflies       Summ           #.......     4%          1    None
 Irradiate                Conj/Tmut      #####.....   14%         5    None
 Iskenderun's Battlesphe  Conj/Chrm      #####...     14%         5    None
 Yara's Violent Unravell  Hex/Tmut       ####......   16%         4    None
 Petrify                  Tmut/Erth      #.......     41%         4    None
 Metabolic Englaciation   Hex/Ice        ####......   41%         5    None
 Orb of Destruction       Conj           ######....   45%         7    None
 Iron Shot                Conj/Erth      #####.....   63%         6    None
 Poison Arrow             Conj/Pois      #####.....   63%         6    None
 Mana Rupture             Conj/Hex       ######....   85%         7    None
 Spellforged Servitor     Conj/Summ      #####.....   99%         7    None


Dungeon Overview and Level Annotations

Branches:
Dungeon (9/12)             Temple (1/1) D:5            Lair (0/6) D:8
    Orc: D:8-11

Altars:
Ashenzari
Cheibriados
Elyvilon
Fedhas
Gozag
Hepliaklqana
Lugonu
Nemelex Xobeh
Ru
Sif Muna
Vehumet
Wu Jian
Xom
Yredelemnul
Zin
The Shining One

Shops:
D:6 **=(

Annotations:
D:4 2 transporters, Theblade12's ghost, amateur DsWn


Innate Abilities, Weirdness & Mutations

Your spells do not cause hunger and MP costs are reduced by 1.
Your bright wings attract enemies. (Stealth-)
You cannot fit into any form of body armour.
Your shimmering scales are hard and can block incoming attacks. (AC +6, SH +6)
You are small and have problems with some larger weapons.
You can fly continuously.


Message History

Press: ? - help, Shift-Dir - straight line, f/p - troll
Aim: a troll (almost dead)
The orb of energy hits the troll.
You kill the troll!
Cheibriados appreciates the change of pace.
The troll leather armour is intact enough to wear.
The orb of energy explodes!
Casting: Iskenderun's Mystic Blast (safe; 1% risk of failure)
Confirm with . or Enter, or press ? or * to list all spells.
Aiming: Magic Dart (safe; 1% risk of failure)
Press: ? - help, Shift-Dir - straight line, f - orc warrior
Aim: an orc warrior, wielding a +0 short sword and wearing a +0 chain mail The magic dart hits the orc warrior.
The orc warrior is lightly wounded.
A wight comes into view. It is wielding a +0 flail.
A wight comes into view. It is wielding a +0 trident.
An orc comes into view. It is wielding a +2 dagger of draining.
Casting: Magic Dart (safe; 1% risk of failure)
Confirm with . or Enter, or press ? or * to list all spells.
Aiming: Magic Dart (safe; 1% risk of failure)
Press: ? - help, Shift-Dir - straight line, f/p - orc warrior
Aim: an orc warrior, wielding a +0 short sword and wearing a +0 chain mail (lightly wounded)
The magic dart hits the orc warrior.
The orc warrior is lightly wounded.
The orc shouts!
A wight comes into view. It is wielding a +0 dagger.
Okay, then.
As you read the scroll of fear, it crumbles to dust.
You assume a fearsome visage.
The orc warrior looks frightened!
The orc looks frightened!
The wight is unaffected. x3
An orc comes into view. It is wielding a +0 flail.
A hound skeleton comes into view.
Cornered, the orc warrior turns to fight!
The wight completely misses you. You block the wight's attack.
The wight hits you but does no damage. The orc warrior misses you.
The wight barely misses you.
Unknown command.
The orc warrior hits you with a +0 short sword!
The orc warrior misses you. You block the wight's attack.
A wight comes into view. It is wielding a +2 great sword.
The orc warrior hits you with a +0 short sword.
You block the wight's attack. The wight completely misses you.
The orc warrior misses you. You block the wight's attack.
The wight completely misses you. You block the orc warrior's attack.
The wight hits you but does no damage. The wight barely misses you.
The orc warrior hits you with a +0 short sword.
The wight completely misses you.
The orc warrior hits you with a +0 short sword!!
The wight misses you. The wight closely misses you.
Okay, then.
The orc shouts!
You block the orc warrior's attack. The wight barely misses you.
The wight hits you but does no damage.
The orc warrior hits you with a +0 short sword!
* * * LOW HITPOINT WARNING * * *
You block the wight's attack. You block the orc warrior's attack.
The wight closely misses you.
There is a stone staircase leading up here.
You block the wight's attack. The orc warrior barely misses you.
The wight completely misses you.
You fly upwards.
There is a stone staircase leading down here.
Casting: Magic Dart (safe; 1% risk of failure)
Confirm with . or Enter, or press ? or * to list all spells.
Aiming: Fulminant Prism (safe; 1% risk of failure)
Press: ? - help, Dir - move target cursor, f - orc warrior
Aim: an orc warrior, wielding a +0 short sword and wearing a +0 chain mail
Okay, then.
Unknown command.
Casting: Fulminant Prism (safe; 1% risk of failure)
Confirm with . or Enter, or press ? or * to list all spells.
Aiming: Iskenderun's Mystic Blast (safe; 1% risk of failure)
Press: ? - help, Shift-Dir - straight line, f - orc warrior
Aim: an orc warrior, wielding a +0 short sword and wearing a +0 chain mail The orb of energy hits the orc warrior.
The orc warrior is heavily wounded.
The orb of energy explodes!
The mystic blast hits the wight.
The wight is lightly damaged.
The orc warrior completely misses you. The wight completely misses you.
Casting: Iskenderun's Mystic Blast (safe; 1% risk of failure)
Confirm with . or Enter, or press ? or * to list all spells.
Aiming: Iskenderun's Mystic Blast (safe; 1% risk of failure)
Press: ? - help, Shift-Dir - straight line, f/p - orc warrior
Aim: an orc warrior, wielding a +0 short sword and wearing a +0 chain mail (heavily wounded)
The orb of energy hits the orc warrior.
The orc warrior is heavily wounded.
The orb of energy explodes!
The mystic blast hits the wight.
The wight is severely damaged.
The orc warrior barely misses you. The wight closely misses you.
Casting: Iskenderun's Mystic Blast (safe; 1% risk of failure)
Confirm with . or Enter, or press ? or * to list all spells.
Aiming: Iskenderun's Mystic Blast (safe; 1% risk of failure)
Press: ? - help, Shift-Dir - straight line, f/p - orc warrior
Aim: an orc warrior, wielding a +0 short sword and wearing a +0 chain mail (heavily wounded)
The orb of energy misses the orc warrior.
The orb of energy explodes!
The orc warrior hits you with a +0 short sword!
You die...

#.#
######.#..#.#.#####
#.# #...##.#.<#.#.#
#.# #...#...#.#.#.#
##.# #...#.....#.#.#
...####...#.#.#...#.#
..........#.#.#.###.#
.########.#.#.#.# #.#
.###........#.#z###.#
.............<.o@##.#
.....########....##.#
##.####### #.#####.#
.........# #.# #...#
##.#####.# #.# #.###
##.# #.# #.# #.#
##.#####.####.###.#
##.##.............#
##.##.........#####


You could see an orc warrior and a wight.

Vanquished Creatures
  2 trolls (D:9)
  A hornet (D:6)
  A hippogriff (D:9)
  A wyvern (D:8)
  Grum (D:8)
  A basilisk (D:8)
  A water moccasin (D:9)
  An acid dragon (D:8)
  A swamp drake (D:8)
  2 black bears
  2 orc warriors
  2 sky beasts
  An ice beast (D:6)
  A phantom (D:7)
  2 ogres (D:8)
  4 wolves
  A centaur (D:9)
  2 crocodiles (D:8)
  4 bullfrogs
  2 scorpions
  11 killer bees
  13 wights
  4 howler monkeys (D:8)
  A crimson imp (D:7)
  A centaur zombie (D:3)
  4 orc priests
  2 jellies (D:5)
  A centaur skeleton (D:8)
  2 hounds
  3 orc wizards
  An iguana (D:6)
  2 worker ants
  A hound zombie (D:8)
  8 adders
  3 gnolls (D:7)
  3 shadow imps
  An adder zombie (D:8)
  2 worms
  2 dart slugs
  4 leopard geckos
  25 orcs
  A ball python (D:2)
  2 giant cockroaches
  5 goblins
  5 hobgoblins
  11 jackals
  9 kobolds
  3 quokkas
  4 bats
  4 frilled lizards
  5 rats
176 creatures vanquished.

Vanquished Creatures (others)
  14 fulminant prisms
14 creatures vanquished.

Grand Total: 190 creatures vanquished

Notes
Turn   | Place    | Note
-------+----------+-------------------------------------------
     0 | D:1      | MisterOstroum the Fairy Conjurer began the quest for the
                  | Orb.
     0 | D:1      | Reached XP level 1. HP: 11/11 MP: 6/6
    28 | D:1      | Reached skill level 5 in Conjurations
   107 | D:1      | Reached XP level 2. HP: 17/17 MP: 7/7
   115 | D:1      | Learned a level 2 spell: Searing Ray
   634 | D:2      | Reached XP level 3. HP: 21/21 MP: 9/9
   639 | D:2      | Learned a level 3 spell: Iskenderun's Mystic Blast
   647 | D:2      | Reached skill level 6 in Conjurations
   826 | D:2      | Found a glowing golden altar of the Shining One.
   849 | D:2      | Reached XP level 4. HP: 27/27 MP: 8/10
  1418 | D:2      | Found a shimmering altar of Xom.
  1419 | D:2      | Found an ornate altar of the Wu Jian Council.
  1482 | D:3      | Reached skill level 7 in Conjurations
  1514 | D:3      | Reached XP level 5. HP: 31/31 MP: 8/11
  1603 | D:3      | Reached skill level 8 in Conjurations
  2159 | D:4      | Found a transporter.
  2391 | D:4      | Noticed Theblade12's ghost (amateur DsWn)
  2423 | D:4      | Reached XP level 6. HP: 36/36 MP: 5/12
  2626 | D:4      | Found a transporter.
  3110 | D:5      | Entered Level 5 of the Dungeon
  3514 | D:5      | Reached skill level 9 in Conjurations
  3548 | D:5      | Found a staircase to the Ecumenical Temple.
  3557 | Temple   | Entered the Ecumenical Temple
  3592 | Temple   | Became a worshipper of Cheibriados the Contemplative
  3651 | D:5      | Reached skill level 1 in Fighting
  3863 | D:5      | Reached skill level 1 in Invocations
  3863 | D:5      | Reached XP level 7. HP: 43/43 MP: 8/13
  4320 | D:6      | Reached * piety under Cheibriados
  4346 | D:6      | Got a bound zirconium amulet
  4358 | D:6      | Learned a level 4 spell: Fulminant Prism
  4478 | D:6      | Found Moulyfing's General Store.
  4481 | D:6      | Bought a scroll of noise for 15 gold pieces
  4481 | D:6      | Bought a potion of degeneration for 15 gold pieces
  4505 | D:6      | Found Naong's Assorted Antiques.
  4513 | D:6      | Bought a scroll labeled YCUIC KYTE for 20 gold pieces
  4513 | D:6      | Bought a curved fluorescent wand for 80 gold pieces
  4513 | D:6      | Bought a wooden wand for 80 gold pieces
  4513 | D:6      | Bought a scroll labeled RIMMUI LOAN for 20 gold pieces
  4513 | D:6      | Bought a ruby potion for 18 gold pieces
  4584 | D:6      | Found Kiol's Jewellery Shoppe.
  4626 | D:6      | Reached XP level 8. HP: 52/52 MP: 11/16
  4665 | D:6      | Reached skill level 1 in Hexes
  4774 | D:6      | Reached ** piety under Cheibriados
  4888 | D:6      | Found a shattered altar of Ashenzari.
  4940 | D:6      | Noticed a hornet
  4943 | D:6      | Killed a hornet
  5138 | D:6      | Found Oceon's Antique Weapon Shoppe.
  5371 | D:7      | Got a pair of warped gloves
  5377 | D:7      | Identified the +3 pair of gloves "Hoit Oze" {rF+} (You
                  | found it on level 7 of the Dungeon)
  5415 | D:7      | Reached skill level 10 in Conjurations
  5523 | D:7      | Reached skill level 5 in Fighting
  5654 | D:7      | Reached XP level 9. HP: 61/61 MP: 11/17
  5744 | D:7      | Reached skill level 5 in Invocations
  5855 | D:7      | Reached *** piety under Cheibriados
  5945 | D:7      | Identified the amulet of Dusos {Faith rN+} (You found it on
                  | level 6 of the Dungeon)
  6196 | D:8      | Noticed Grum
  6284 | D:8      | Killed Grum
  6357 | D:8      | Reached skill level 5 in Hexes
  6561 | D:8      | Reached **** piety under Cheibriados
  6561 | D:8      | Reached XP level 10. HP: 66/66 MP: 1/18
  7289 | D:8      | Found a staircase to the Lair.
  7545 | D:9      | Reached skill level 5 in Dodging
  7545 | D:9      | Reached skill level 5 in Spellcasting
  7593 | D:9      | Found an opulent altar of Gozag.
  7605 | D:9      | Reached ***** piety under Cheibriados
  7678 | D:8      | Slain by an orc warrior

Skill      XL: |  1  2  3  4  5  6  7  8  9 10 |
---------------+-------------------------------+-----
Conjurations   | 5 6 7 8 9 10 | 10.5
Fighting       | 1 3 5 |  5.7
Spellcasting   | 3 4 5 |  5.3
Invocations    | 1 2 4 7 8 |  8.4
Hexes          | 3 5 |  5.0
Dodging        | 5 |  5.9
Stealth        | |  1.5

Action                   |  1- 3 |  4- 6 |  7- 9 | 10-12 || total
-------------------------+-------+-------+-------+-------++-------
 Cast: Magic Dart        |    47 |    73 |    29 |    19 ||   168
       Iskenderun's Myst |     5 |    37 |    91 |    49 ||   182
       Searing Ray       |     1 |       |       |       ||     1
       Fulminant Prism   |       |       |     9 |     5 ||    14
  Use: Scroll            |       |       |     7 |     1 ||     8
  Eat: Chunk             |       |     5 |     5 |     1 ||    11
       Ration            |       |     1 |       |       ||     1
Armor: Skin              |       |     4 |     2 |     7 ||    13
Dodge: Dodged            |    10 |    12 |    16 |    46 ||    84
Block: Other             |     1 |     5 |     8 |    16 ||    30
